 Dungeon Crawl Stone Soup version 0.29-a0-371-g91724d5b39 (webtiles) character file.

Game seed: 15731324107978104646

3788 sammy202020 the Skirmisher (level 9, -1/74 HPs)
             Began as a Demonspawn Berserker on May 2, 2022.
             Was an Elder of Trog.
             Slain by an orc warlord
             ... wielding a +0 battleaxe
              (28 damage)
             ... in a bailey.
             The game lasted 00:13:10 (6631 turns).

sammy202020 the Skirmisher (Demonspawn Berserker)   Turns: 6631, Time: 00:13:10

Health: -1/74      AC: 19    Str: 19    XL:     9   Next: 95%
Magic:  9/9        EV: 11    Int: 11    God:    Trog [****..]
Gold:   301        SH:  0    Dex: 13    Spells: 8/8 levels left

rFire   + . .      SeeInvis .   v - +0 war axe (elec)
rCold   . . .      Faith    .   (no shield)
rNeg    . . .      Spirit   .   c - +2 scale mail {Will+}
rPois   .          Reflect  .   d - +0 helmet
rElec   .          Harm     .   m - +1 cloak
rCorr   .          Rampage  .   (no gloves)
Will    +++..                   t - +0 pair of boots
Stlth   ..........              b - amulet of regeneration
HPRegen 2.82/turn               h - ring of flight
MPRegen 0.11/turn               r - +4 ring of protection

@: strong-willed, on berserk cooldown, flying, regenerating, slowed, very slow
A: yellow scales 1, powered by death 1, demonic touch 1, fire resistance 1,
regeneration 1
a: Renounce Religion, Berserk, Trog's Hand, Brothers in Arms


You were in a bailey.
You worshipped Trog.
Trog was greatly pleased with you.
You visited 1 branch of the dungeon, and saw 7 of its levels.
You also visited: Bailey.

You collected 301 gold pieces.

Inventory:

Hand Weapons
 g - a +0 hunting sling
 o - a +0 flail
 v - a +0 war axe of electrocution (weapon)
 B - a +2 quarterstaff of chaos
Missiles
 i - 8 boomerangs (quivered)
Armour
 c - a +2 scale mail of willpower (worn)
 d - a +0 helmet (worn)
 k - a +0 plate armour
 m - a +1 cloak (worn)
 t - a +0 pair of boots (worn)
Jewellery
 b - an amulet of regeneration (around neck)
 h - a ring of flight (left hand)
 r - a +4 ring of protection (right hand)
 s - a +4 ring of protection
Wands
 C - a wand of iceblast (8)
 D - a wand of charming (3)
Scrolls
 a - 5 scrolls of identify
 f - 5 scrolls of teleportation
 n - 2 scrolls of blinking
 w - 3 scrolls of fear
 y - a scroll of acquirement
 F - a scroll of summoning
 G - a scroll of fog
Potions
 e - 3 potions of attraction
 j - a potion of flight
 l - a potion of degeneration {unknown}
 p - a potion of berserk rage {unknown}
 q - a potion of curing {unknown}
 u - a potion of resistance {unknown}
 x - a potion of magic {unknown}
 z - a potion of heal wounds {unknown}
 A - a potion of haste {unknown}
 E - 2 potions of mutation


   Skills:
 * Level 7.9 Fighting
 * Level 7.2 Axes
 + Level 4.9 Armour
 + Level 4.7 Dodging
 * Level 6.4 Unarmed Combat


You had 8 spell levels left.
You didn't know any spells.
Your spell library was empty.

Dungeon Overview and Level Annotations

Branches:
Dungeon (7/15)             Temple (0/1) D:6          Bailey (1/1)

Altars:
Elyvilon
Kikubaaqudgha
Makhleb
Okawaru
Ru
Wu Jian

Annotations:
D:5 1 runed translucent door


Innate Abilities, Weirdness & Mutations

You are partially covered in yellow scales. (AC +2)
You regenerate a little health from kills.
Your touch may inflict minor irresistible damage on your foes.
Your flesh is heat resistant. (rF+)
Your natural rate of healing is unusually fast.


Message History

You swap places.
You feel a strong urge to attack something.
Your orc dissolves into shadows!
Your gnoll hits the orc warrior with a +0 spear.
Your gnoll completely misses the orc warrior.
There are monsters nearby!
There are monsters nearby!
There are monsters nearby!
You feel your anger nearly subside.
You are no longer berserk.
You are exhausted.
You feel yourself slow down.
The orc warrior no longer looks unusually strong.
Your gnoll hits the orc warrior from afar with a +0 spear.
Your gnoll closely misses the orc warrior.
The orc warlord hits your gnoll with a +0 battleaxe!!
Your gnoll dies!
Your gnoll's corpse dissolves into shadows!
The orc warlord roars a battlecry!
The orc warrior goes into a battle-frenzy!
Your gnoll hits the orc warrior from afar with a +0 antimagic spear.
The orc warrior dies!
Trog accepts your kill.
Your gnoll dissolves into shadows!
Your skin crawls.
You feel strong-willed.
The orc warlord hits you with a +0 battleaxe.
You hit the orc warlord but do no damage.
Your touch misses the orc warlord.
The orc warlord is lightly wounded.
The orc warlord misses you.
The orc warlord hits you with a +0 battleaxe!
You slash the orc warlord!
Lightning courses through the orc warlord!
The orc warlord is moderately wounded.
The orc warlord hits you with a +0 battleaxe!
You hit the orc warlord but do no damage.
The orc warlord is moderately wounded.
The orc warlord hits you with a +0 battleaxe.
The orc warlord hits you with a +0 battleaxe!!
You die...

##)))..##.........#
#.))....#.........#
##.......##.......#
#.........#....... ....
##.........###)))# ....
#.....⌠.....###'### ..⌠..
##.........##88.88## .....
#.........#...o...# ......
##.......##...@...##......
#.......')........'......
##.....##).......)##...
#######.....⌠.....#
##.........## #......)))#
##.....))## #.......#
##..∩..##


You could see an orc warlord.

Vanquished Creatures
  The ghost of ryw the Skirmisher, a novice DsMo of Okawaru (D:5)
  A hornet (D:6)
  An ice beast (D:3)
  5 black bears
  9 orc warriors (Bailey)
  2 ogres
  3 centaurs
  A phantom (D:7)
  A bullfrog (D:7)
  A scorpion (D:5)
  A necrophage (D:5)
  4 killer bees (D:7)
  2 vampire bats (D:4)
  A howler monkey (D:7)
  4 hounds
  A jelly (D:4)
  3 orc priests (D:7)
  2 gnoll shamans (D:6)
  Crazy Yiuf (D:5)
  2 iguanas
  Terence (D:2)
  11 gnolls
  14 adders
  A river rat (D:5)
  2 white imps
  2 ufetubi
  3 worms
  3 dart slugs
  20 orcs
  4 ball pythons
  A bat skeleton (D:4)
  5 bat zombies (D:4)
  9 endoplasms
  3 giant cockroaches
  25 goblins
  16 hobgoblins
  4 jackals (D:3)
  2 quokkas (D:5)
  9 bats
  4 frilled lizards
  2 kobolds
  8 rats
  A spectral goblin (D:1)
196 creatures vanquished.

Vanquished Creatures (collateral kills)
  An orc warrior (Bailey)
1 creature vanquished.

Vanquished Creatures (others)
  A plant (D:4)
1 creature vanquished.

Grand Total: 198 creatures vanquished

Notes
Turn   | Place    | Note
-------+----------+-------------------------------------------
     0 | D:1      | sammy202020 the Demonspawn Berserker began the quest for
                  | the Orb.
     0 | D:1      | Reached XP level 1. HP: 18/18 MP: 1/1
    54 | D:1      | Found a faded altar of an unknown god.
   186 | D:1      | Gained mutation: Your touch may inflict minor irresistible
                  | damage on your foes. [demonic ancestry]
   186 | D:1      | Reached XP level 2. HP: 23/24 MP: 2/2
   575 | D:1      | Reached XP level 3. HP: 25/29 MP: 3/3
   629 | D:1      | Reached ** piety under Trog
  1177 | D:2      | Reached skill level 1 in Unarmed Combat
  1432 | D:2      | Found a burning altar of Makhleb.
  1468 | D:2      | Noticed Terence
  1482 | D:2      | Killed Terence
  1483 | D:2      | Gained mutation: You regenerate a little health from kills.
                  | [demonic ancestry]
  1483 | D:2      | Reached XP level 4. HP: 23/37 MP: 4/4
  2326 | D:3      | Noticed an ice beast
  2350 | D:3      | HP: 2/55 [ice beast (6)]
  2354 | D:3      | Killed an ice beast
  2355 | D:3      | Reached XP level 5. HP: 4/42 MP: 5/5
  2641 | D:4      | Noticed a black bear
  2648 | D:4      | Killed a black bear
  2649 | D:4      | Reached XP level 6. HP: 49/49 MP: 6/6
  3223 | D:4      | Found an iron altar of Okawaru.
  3242 | D:4      | Reached *** piety under Trog
  3584 | D:4      | Found an ancient bone altar of Kikubaaqudgha.
  3626 | D:4      | Gained mutation: You are partially covered in yellow
                  | scales. (AC +2) [demonic ancestry]
  3626 | D:4      | Reached XP level 7. HP: 52/55 MP: 7/7
  3827 | D:5      | Entered Level 5 of the Dungeon
  3862 | D:5      | Reached skill level 5 in Fighting
  4045 | D:5      | Found a runed translucent door.
  4046 | D:5      | Noticed Crazy Yiuf
  4091 | D:5      | Killed Crazy Yiuf
  4092 | D:5      | Reached skill level 5 in Axes
  4302 | D:5      | Found a runed translucent door.
  4306 | D:5      | Noticed ryw's ghost (novice DsMo)
  4334 | D:5      | Killed ryw's ghost
  4335 | D:5      | Reached XP level 8. HP: 32/64 MP: 8/8
  4339 | D:5      | Found a runed translucent door.
  4547 | D:5      | Found Voshryshro's Antique Armour Shoppe.
  5088 | D:6      | Noticed a hornet
  5089 | D:6      | Found a staircase to the Ecumenical Temple.
  5102 | D:6      | Killed a hornet
  5191 | D:6      | Reached skill level 5 in Unarmed Combat
  5227 | D:6      | Reached XP level 9. HP: 64/71 MP: 9/9
  5382 | D:6      | Found a sacrificial altar of Ru.
  5800 | D:6      | Found an ornate altar of the Wu Jian Council.
  6016 | D:7      | Reached **** piety under Trog
  6172 | D:7      | Gained mutation: Your flesh is heat resistant. (rF+)
                  | [potion of mutation]
  6172 | D:7      | Gained mutation: Your natural rate of healing is unusually
                  | fast. [potion of mutation]
  6391 | D:7      | Found a flagged portal.
  6404 | Bailey   | Entered a bailey
  6593 | Bailey   | Identified a scroll of acquirement
  6607 | Bailey   | Noticed an orc warlord
  6631 | Bailey   | Slain by an orc warlord

Illustrated notes

Levels and vault maps discovered:
D:1:      minmay_arrival_cross, layout_basic, serial_forest,
          infiniplex_forest_straight_4, infiniplex_forest_lined_ring,
          infiniplex_forest_straight_4, infiniplex_forest_corner_2,
          infiniplex_forest_straight_2, infiniplex_forest_lined_4_way,
          infiniplex_forest_straight_2, infiniplex_forest_corner_1,
          infiniplex_forest_straight_2, infiniplex_forest_straight_3,
          dreamdust_ecumenical_altar_drowned_temple
D:2:      layout_loops_cross, basic_altar, chequers_serial_rivers_micro_b,
          uniq_terence
D:3:      layout_basic, led_xom_imps, portal_sewer_entry_b,
          small_statue_intersection, st_stairs_6
D:4:      layout_cave_pods, kennysheep_vampire_church,
          okawaru_ov_weapons_minmay, guppyfry_early_lair_pool
D:5:      layout_basic, serial_shops, kennysheep_mini, ebering_ghost_sewer_f,
          uniq_crazy_yiuf_cottage
D:6:      layout_basic, general_overflow_altar, nicolae_ru_awakened_eye,
          mainiacjoe_overflow_alcove_2, minmay_temple_entry_sparse_star
D:7:      layout_loops_ring, enter_bailey_5
Bailey:   bailey_axe_minmay_hex_keep, bailey

Skill      XL: |  1  2  3  4  5  6  7  8  9 |
---------------+----------------------------+-----
Armour         | 2 3 4 |  4.9
Axes           | 3 4 5 6 7 |  7.2
Dodging        | 2 3 4 |  4.7
Unarmed Combat | 1 2 3 4 5 6 |  6.4
Fighting       | 4 5 6 7 |  7.9

Action                   |  1- 3 |  4- 6 |  7- 9 || total
-------------------------+-------+-------+-------++-------
Melee: Hand axe          |   136 |   102 |       ||   238
       Punch             |     1 |     2 |    10 ||    13
       Touch             |    17 |    20 |    46 ||    83
       War axe           |       |    56 |   282 ||   338
Throw: Boomerang         |       |     3 |     4 ||     7
Invok: Berserk           |       |     2 |     5 ||     7
       Trog's Hand       |       |       |     5 ||     5
  Use: Scroll            |       |     5 |     9 ||    14
       Potion            |       |       |     1 ||     1
Armor: Scale mail        |    63 |   134 |   219 ||   416
Dodge: Dodged            |    74 |   115 |   208 ||   397

Table legend: (Time is in decaauts)
 A = Elapsed time spent in this place.
 B = Non-inter-level travel time spent in this place.
 C = Inter-level travel time spent in this place.
 D = Time resting spent in this place.
 E = Time spent auto-exploring this place.
 F = Levels seen in this place.
 G = Mean time per level.
                   A        B        C        D        E       F      G
               +--------+--------+--------+--------+--------+-----+--------+
         Total |   6799 |   6360 |    439 |     69 |   4653 |   8 |  849.9 |
       Dungeon |   6556 |   6117 |    439 |     69 |   4618 |   7 |  936.6 |
        Bailey |    242 |    242 |      0 |      0 |     35 |   1 |  242.0 |
               +--------+--------+--------+--------+--------+-----+--------+

Top non-repeatable levels by time:
     D:5: 1280 daAuts
     D:4: 1217 daAuts
     D:2: 1207 daAuts
     D:6: 947 daAuts
     D:1: 835 daAuts
     D:3: 644 daAuts
     D:7: 423 daAuts
  Bailey: 242 daAuts
